AoeStats
← Mitch

Glade

510660149Analyzed
1v1 RM · 14h ago on Oct 2, 2026· 38m 17s· 2 players
Game mode
Random Map
Map size
Tiny (2 player)
Population
200
Speed
Normal
Resources
Standard
Victory
Conquest
Starting age
Dark Age
Ending age
Imperial Age
RankedLock teamsTeams togetherTeam positionsShared explorationLock speedFull tech treeHidden civsTurbo modeCheats
Victory
Defeat
🇺🇸 Inca · United States
1480
+14
🇦🇺 Burmese · Australia
1436
-14
Mitch
9:20 Loom
12:02 Feudal Age
17:04 Castle Age
15:05 Double-Bit Axe
16:14 Fletching
18:10 Scale Mail Armor
18:13 Squires
25:03 Wheelbarrow
27:17 Bodkin Arrow
29:12 Padded Archer Armor
32:46 Imperial Age
30:57 Leather Archer Armor
30:07 Elite Skirmisher
31:21 Hand Cart
31:40 Bow Saw
31:17 Horse Collar
32:50 Chain Mail Armor
34:06 Heavy Plow
35:10 Bracer
36:11 Conscription
36:44 Ring Archer Armor
36:45 Town Watch
37:26 Ballistics
37:44 Conscription
38:37 Chemistry
Dinglebob
11:23 Feudal Age
15:07 Castle Age
14:49 Loom
17:17 Padded Archer Armor
33:25 Imperial Age
31:21 Redemption
31:32 Sanctity
31:40 Sanctity
31:30 Redemption
34:51 Conscription
36:01 Chemistry
34:54 Town Watch
Connection lost

Rejoining the realm…

Still unreachable

The connection could not be restored.

Session expired

The server has moved on; the page needs a fresh start.